Map: Kaktustal LE (Void)

Players

Ƥaranoid

  • Race: Terran Terran
  • League: Diamond
  • Spawn Location: 1:00

K.I.-1 (Extrem) - Winner!

  • Race: Terran Terran
  • Spawn Location: 11:00

VOD

Have the link to the VOD?

Description

Time

  • Played on: April 29, 2017, 9:09 a.m.
  • Length: 6:00
Show
View Real Time Build Order
Export as new Build Order

Ƥaranoid Terran 

Build Orders: 1/1/1, Cyclone Opening 

Get SALT Encoding   

  12  0:00  SCV  
  13  0:12  SCV  
  14  0:18  Supply Depot  
  14  0:25  SCV  
  15  0:29  Refinery  
  15  0:40  SCV  
  16  0:45  Barracks  
  16  0:55  Refinery, SCV  
  17  1:07  SCV  
  18  1:19  SCV  
  19  1:32  Reaper, Orbital Command  
  20  1:37  Factory  
  20  1:50  Supply Depot  
  20  1:59  SCV  
  21  2:04  Reaper  
  22  2:11  SCV  
  23  2:22  Cyclone  
  26  2:23  SCV  
  26  2:26  Starport  
  27  2:35  SCV  
  27  2:36  Supply Depot  
  28  2:41  Barracks Tech Lab  
  28  2:48  SCV  
  29  2:58  Widow Mine  
  31  3:00  SCV  
  32  3:09  Raven  
  34  3:17  Command Center  
  34  3:24  Barracks Reactor  
  34  3:26  SCV  
  35  3:38  SCV  
  36  3:45  Supply Depot  
  36  3:55  Raven  
  36  3:56  SCV  
  39  4:07  Marine x2  
  39  4:08  SCV  
  39  4:09  Barracks  
  42  4:10  Barracks  
  41  4:17  Factory Tech Lab  
  41  4:22  SCV  
  42  4:24  Marine x2  
  42  4:28  Supply Depot  
  44  4:37  SCV  
  45  4:42  Marine x2  
  47  4:47  Engineering Bay  
  47  4:54  Orbital Command  
  47  4:55  SCV  
  47  4:56  Starport Reactor  
  48  5:07  Barracks Reactor, SCV  
  48  5:08  Marine  
  48  5:09  Siege Tank, Marine  
  54  5:19  SCV  
  54  5:20  SCV  
  56  5:26  Marine x2  
  58  5:29  Refinery x2  
  58  5:33  SCV x2  
  62  5:38  Marine  
  63  5:45  SCV  
  63  5:47  SCV  
  68  5:50  Supply Depot  
  68  5:52  Supply Depot  
Show
View Real Time Build Order
Export as new Build Order

K.I.-1 (Extrem) Terran - Winner!

Build Orders:  

Get SALT Encoding   

  12  0:00  SCV  
  13  0:13  SCV  
  14  0:20  Supply Depot  
  14  0:25  SCV  
  15  0:42  SCV  
  16  0:44  Barracks  
  16  0:54  SCV  
  17  1:06  SCV  
  18  1:18  Supply Depot, SCV  
  19  1:23  Refinery  
  19  1:30  SCV  
  19  1:31  Marine  
  21  1:42  SCV  
  22  1:49  Marine  
  22  1:52  Barracks  
  23  1:54  SCV  
  23  1:56  Refinery  
  24  2:04  Supply Depot  
  24  2:06  SCV  
  24  2:07  Marine  
  26  2:18  SCV  
  27  2:25  Marine  
  27  2:26  Factory  
  28  2:30  SCV  
  29  2:38  Marine  
  29  2:43  Marine, SCV  
  32  2:55  SCV  
  32  2:56  Marine  
  34  3:00  Marine  
  35  3:07  SCV  
  35  3:09  Barracks  
  36  3:14  Marine  
  36  3:19  Barracks Tech Lab, SCV  
  38  3:30  Starport, Factory Tech Lab  
  38  3:31  SCV  
  38  3:33  Supply Depot, Barracks Tech Lab  
  39  3:50  Engineering Bay  
  39  3:51  SCV  
  39  4:03  Orbital Command  
  39  4:10  Starport Tech Lab  
  39  4:19  Missile Turret  
  39  4:20  Missile Turret  
  39  4:28  Raven, SCV  
  42  4:33  Command Center  
  42  4:41  SCV  
  43  4:53  Marine, SCV  
  43  4:59  Marine  
  46  5:05  SCV  
  42  5:11  Supply Depot  
  42  5:17  Marauder, SCV  
  45  5:29  SCV  
  45  5:33  Marauder  
  45  5:34  Supply Depot  
  48  5:38  Marauder  
  48  5:41  SCV  
Tags
 
Add a new tag
Caveats
  • Supply blocks, unpowered buildings, or Contaminate may cause inaccurate times.
  • Supply counts are checked every 10 seconds.